 Dungeon Crawl Stone Soup version 0.30.1-8-g117510f58f (webtiles) character file.

Game seed: 16051474531285280653

861 monsoonserge the Trooper (level 7, -1/55 HPs)
             Began as a Demonspawn Monk on Sept 24, 2023.
             Succumbed to an orc warrior zombie's poison
             ... on level 4 of the Dungeon.
             The game lasted 00:15:11 (3847 turns).

monsoonserge the Trooper (Demonspawn Monk)          Turns: 3847, Time: 00:15:12

Health: -1/55      AC: 12    Str: 15 (18) XL:     7   Next: 71%
Magic:  7/7        EV: 10    Int: 16 (17) God:
Gold:   1192       SH:  0    Dex: 15 (17) Spells: 6/6 levels left

rFire   . . .        q - +9 falchion of Dust {drain, Contam rElec Int+6}
rCold   . . .        (no shield)
rNeg    + . .        k - +0 scale mail
rPois   .            s - +0 helmet
rElec   +            h - +2 cloak
rCorr   .            (no gloves)
SInv    .            j - +0 pair of boots
Will    .....        (no amulet)
Stlth   +            n - ring of positive energy
HPRegen 0.29/turn    I - +6 ring of strength
MPRegen 0.10/turn

%: no passive effects
@: lethally poisoned (-1 -> -19), studying Short Blades
A: foul stench 2, demonic touch 1
a: no special abilities


You were on level 4 of the Dungeon.
You visited 1 branch of the dungeon, and saw 5 of its levels.
You visited the Abyss 1 time.

You collected 1192 gold pieces.

Inventory:

Hand Weapons
 a - a +0 falchion
 q - the +9 falchion of Dust (weapon) {drain, Contam rElec Int+6}
   (You found it on level 3 of the Dungeon)

   Int:       It affects your intelligence (+6).
   rElec:     It insulates you from electricity.
   Contam:    It causes magical contamination when unequipped.
 F - a +1 short sword
Missiles
 e - a javelin (quivered)
 y - 2 boomerangs
Armour
 b - a +0 robe
 f - a +0 chain mail
 h - a +2 cloak (worn)
 j - a +0 pair of boots (worn)
 k - a +0 scale mail (worn)
 o - a +0 leather armour
 s - a +0 helmet (worn)
 B - a +0 ring mail
Magical Staves
 m - a staff of air
Jewellery
 n - a ring of positive energy (left hand)
 I - a +6 ring of strength (right hand)
Wands
 w - a wand of digging (11)
Scrolls
 g - a scroll of blinking
 i - a scroll of fear
 r - 3 scrolls of identify
 u - 3 scrolls of noise
 v - 2 scrolls of magic mapping
Potions
 d - a potion of mutation {unknown}
 l - 2 potions of degeneration
 p - a potion of might {unknown}
 t - 2 potions of resistance
 x - a potion of heal wounds
 z - 2 potions of brilliance {unknown}
 C - a potion of invisibility {unknown}
 D - a potion of attraction {unknown}


   Skills:
 + Level 4.6 Fighting
 + Level 3.1(4.2) Short Blades
 + Level 4.2(4.7) Long Blades
 + Level 0.6 Throwing
 + Level 4.5 Armour
 + Level 3.6 Dodging
 + Level 2.0 Stealth
 + Level 1.0 Unarmed Combat
 + Level 0.3 Evocations


You had 6 spell levels left.
You didn't know any spells.
Your spell library contained the following spells:

 Spells                   Type           Power      Damage    Failure   Level
 Ozocubu's Armour         Ice            0%         N/A       95%         3
 Ozocubu's Refrigeration  Ice            0%         4d7       100%        7


Dungeon Overview and Level Annotations

Branches:
Dungeon (5/15)             Temple (0/1) D:5

Altars:
Fedhas


Innate Abilities, Weirdness & Mutations

You sometimes emit foul miasma when damaged in melee.
Your touch may inflict minor irresistible damage on your foes.


Message History

You feel very sick.
You see here a scroll labelled UDUEWNUJUCK.
Unknown command.
* * * LOW HITPOINT WARNING * * *
You feel very sick.
There is a transporter here.
Unknown command.
You enter the transporter and appear at another place.
* * * LOW HITPOINT WARNING * * *
You feel very sick.
The orc warrior zombie closely misses you.
You are lethally poisoned (6 -> -5).
You are studying Short Blades.
Your movement speed is average.
Your attack delay is about 1.0.
Your damage rating with the +9 falchion of Dust {drain, Contam rElec Int+6} is about 20 (Base 8 x 117% (Dex) x 117% (Skill) + 9 (Ench)).
Your base attributes are Str 12, Int 11, Dex 17.
You are confused.
You feel invigorated.
* * * LOW HITPOINT WARNING * * *
You feel very sick.
* * * LOW HITPOINT WARNING * * *
You feel very sick.
You're too confused to move!
You feel sick.
The orc warrior zombie hits you with a +0 flail of venom.
* * * LOW HITPOINT WARNING * * *
You are lethally poisoned!
You hit the orc warrior zombie.
Your touch misses the orc warrior zombie.
The orc warrior zombie is lightly damaged.
You feel less invigorated.
You feel less confused.
* * * LOW HITPOINT WARNING * * *
You feel very sick.
The orc warrior zombie hits you with a +0 flail of venom!
* * * LOW HITPOINT WARNING * * *
You are more poisoned.
You emit a cloud of foul miasma!
It was a potion of degeneration.
There was something very wrong with that liquid.
You feel weakened.
You feel dopey.
You feel clumsy.
You die...

#....#
#.....###.#..####<#
######
########.......##.#
##.##.##.##.###
##..##.##.##...#
#..###.##.####.# #
##.## #.##.##...# #
##..# #.##.....## #
#...# #.#####.... #
##@Z.## #..#####.## #
############.......##
#
#.°.Z©$.°.###.......#
# #...$?$...#
#.......# ##
#.........# #.......#
.# #.☼.....°.#
#........ .#
#....°....# #>.......
.#
####'''######........
.# #○○...○○#
#.........


You could see an orc warrior zombie and an ogre zombie.

Vanquished Creatures
  The ghost of laqueoix the Cudgeller, an amateur DsGl (D:3)
  A gnoll sergeant (D:5)
  A water moccasin zombie (D:3)
  A bullfrog zombie (D:3)
  A jelly (D:4)
  Crazy Yiuf (D:3)
  2 hounds (D:5)
  Terence (D:2)
  Natasha (thrice) (D:3)
  2 killer bee zombies (D:3)
  A gnoll (D:4)
  5 adders
  2 ufetubi
  2 worms
  2 dart slugs
  4 orcs
  6 endoplasms
  2 giant cockroaches
  A goblin (D:1)
  6 hobgoblins
  13 jackals
  8 kobolds
  2 quokkas
  9 ball pythons
  5 bats
  3 frilled lizards
  3 rats
88 creatures vanquished.

Vanquished Creatures (collateral kills)
  A wraith (Abyss:1)
  A large abomination (Abyss:1)
2 creatures vanquished.

Vanquished Creatures (others)
  2 starspawn tentacles (Abyss:1)
2 creatures vanquished.

Grand Total: 92 creatures vanquished

Notes
Turn   | Place    | Note
-------+----------+-------------------------------------------
     0 | D:1      | monsoonserge the Demonspawn Monk began the quest for the
                  | Orb.
     0 | D:1      | Reached XP level 1. HP: 18/18 MP: 1/1
   299 | D:1      | Gained mutation: Your touch may inflict minor irresistible
                  | damage on your foes. [demonic ancestry]
   299 | D:1      | Reached XP level 2. HP: 22/24 MP: 2/2
   888 | D:1      | Gained mutation: You may rarely emit foul miasma when
                  | damaged in melee. [demonic ancestry]
   888 | D:1      | Reached XP level 3. HP: 29/29 MP: 3/3
  1169 | D:2      | Noticed Terence
  1183 | D:2      | Killed Terence
  1262 | D:2      | Reached skill level 1 in Unarmed Combat
  1262 | D:2      | Gained mutation: You sometimes emit foul miasma when
                  | damaged in melee. [demonic ancestry]
  1262 | D:2      | Reached XP level 4. HP: 31/35 MP: 4/4
  1865 | D:3      | Found a transporter.
  1869 | D:3      | Noticed laqueoix's ghost (amateur DsGl)
  1884 | D:3      | Noticed Natasha
  1889 | D:3      | Killed Natasha
  1890 | D:3      | Reached skill level 1 in Armour
  1890 | D:3      | Reached skill level 1 in Stealth
  2005 | D:3      | Reached XP level 5. HP: 41/41 MP: 5/5
  2248 | D:3      | Noticed Natasha
  2258 | D:3      | Killed Natasha
  2279 | D:3      | Found a runed translucent door.
  2280 | D:3      | Noticed Crazy Yiuf
  2808 | D:4      | Found a transporter.
  2879 | D:4      | Found a transporter.
  2959 | D:5      | Entered Level 5 of the Dungeon
  2959 | D:5      | Found a staircase to the Ecumenical Temple.
  2959 | D:5      | Found a blossoming altar of Fedhas.
  3084 | D:5      | Reached XP level 6. HP: 40/48 MP: 6/6
  3091 | Abyss:1  | Cast into level 1 of the Abyss (gnoll)
  3207 | Abyss:1  | Noticed a raiju
  3208 | Abyss:1  | Noticed a wraith
  3225 | Abyss:1  | Identified a scroll of acquirement
  3225 | Abyss:1  | Acquired 1039 gold pieces
  3230 | Abyss:1  | Killed a wraith
  3231 | Abyss:1  | Reached skill level 1 in Short Blades
  3240 | D:5      | Escaped the Abyss
  3244 | D:5      | Reached XP level 7. HP: 19/54 MP: 7/7
  3462 | D:3      | Found a transporter.
  3483 | D:3      | Noticed Natasha
  3487 | D:3      | Killed Natasha
  3539 | D:3      | Killed Crazy Yiuf
  3722 | D:3      | Killed laqueoix's ghost
  3753 | D:3      | Identified the +9 falchion of Dust {drain, Contam rElec
                  | Int+6}
  3847 | D:4      | Succumbed to an orc warrior zombie's poison

Illustrated notes

Levels and vault maps discovered:
D:1:      evilmike_arrival_rings, layout_loops_corners
D:2:      layout_loops_ring, nicolae_concentric_dashed_squares_wild,
          uniq_terence
D:3:      layout_basic, gammafunk_ghost_mausoleum, uniq_natasha,
          uniq_crazy_yiuf_cottage
D:4:      gammafunk_cloud_chamber, layout_basic, minmay_manual_moon
D:5:      layout_layer_cave, fedhas_altar_2, minmay_temple_entry_overgrown

Skill      XL: |  1  2  3  4  5  6  7 |
---------------+----------------------+-----
Dodging        | 3 |  3.6
Long Blades    | 3 4 |  4.2
Unarmed Combat | 1 |  1.0
Armour         | 1 2 3 4 |  4.5
Stealth        | 1 2 |  2.0
Fighting       | 4 |  4.6
Short Blades   | 2 3 |  3.1
Throwing       | |  0.6
Evocations     | |  0.3

Action                     |  1- 3 |  4- 6 |  7- 9 || total
---------------------------+-------+-------+-------++-------
  Melee: Falchion          |    67 |    69 |     2 ||   138
         Touch             |    13 |    26 |    15 ||    54
         Punch             |       |     2 |       ||     2
         Short sword       |       |    47 |    57 ||   104
  Throw: Boomerang         |       |       |     4 ||     4
         Dart              |       |       |     3 ||     3
         Javelin           |       |       |     1 ||     1
  Evoke: Wand              |       |     1 |       ||     1
    Use: Scroll            |       |     9 |       ||     9
         Potion            |       |     1 |     2 ||     3
   Stab: Sleeping          |     3 |       |       ||     3
 Armour: Robe              |     2 |       |       ||     2
         Leather armour    |    13 |       |       ||    13
         Scale mail        |       |    43 |    27 ||    70
  Dodge: Dodged            |    52 |    61 |    23 ||   136
